 Dungeon Crawl Stone Soup version 0.24-a0-108-g011bc4b (webtiles) character file.

Game seed: 887305742110719238

27682 LordEnrai the Fighter (level 13, -15/205 HPs)
             Began as a Minotaur Berserker on Feb 14, 2019.
             Was the Champion of Trog.
             Killed from afar by an orc sorcerer (29 damage)
             ... with a bolt of negative energy
             ... on level 1 of the Orcish Mines on Feb 15, 2019.
             The game lasted 00:45:29 (13291 turns).

LordEnrai the Fighter (Minotaur Berserker)         Turns: 13291, Time: 00:45:31

Health: -15/205    AC: 20    Str: 34    XL:     13   Next: 5%
Magic:  4/4        EV: 12    Int:  2    God:    Trog [******]
Gold:   1025       SH:  0    Dex: 11    Spells: 12/12 levels left

rFire    + . .     SeeInvis .   y - +6 executioner's axe (antimagic)
rCold    + + +     Gourm    .   (shield currently unavailable)
rNeg     . . .     Faith    +   l - +6 chain mail of the Invisible Hand {rPois Str+3}
rPois    +         Spirit   .   (helmet restricted)
rElec    .         Reflect  .   f - scarf {rC+ rF+}
rCorr    .         Harm     .   n - +2 pair of gloves
MR       ++...                  (no boots)
Stlth    ..........             d - amulet of faith
HPRegen  1.44/turn              b - ring of protection from cold
MPRegen  0.09/turn              m - ring of protection from cold

@: berserking, regenerating, very heavily drained, very quick
A: retaliatory headbutt, horns 2, talons 1, dopey 1, robust 1, screaming 1
a: Berserk, Trog's Hand, Brothers in Arms, Renounce Religion


You were on level 1 of the Orcish Mines.
You worshipped Trog.
Trog was exalted by your worship.
You were very hungry.

You visited 3 branches of the dungeon, and saw 14 of its levels.
You also visited: Gauntlet.

You collected 1100 gold pieces.
You spent 75 gold pieces at shops.

Inventory:

Hand Weapons
 y - a +6 antimagic executioner's axe (weapon)
Armour
 f - a scarf of resistance (worn)
 l - the +6 chain mail of the Invisible Hand (worn) {rPois Str+3}
   (You found it on level 4 of the Dungeon)

   It affects your strength (+3).
   It protects you from poison.
 n - a +2 pair of gloves (worn)
Magical Staves
 h - an uncursed staff of fire
Jewellery
 a - an uncursed ring of flight
 b - a ring of protection from cold (left hand)
 d - an amulet of faith (around neck)
 m - a ring of protection from cold (right hand)
 s - an uncursed ring of ice
 t - an uncursed ring of fire
 x - the ring "Upsa" {rC+ MP+9 Dex+2}
   (You took it off a minotaur in a Gauntlet)

   [ring of protection from cold]

   It affects your dexterity (+2).
   It protects you from cold.
   It affects your magic capacity (+9).
Wands
 o - a wand of paralysis (9)
 r - a wand of flame (29)
 v - a wand of acid (19)
 C - a wand of iceblast (12)
Scrolls
 e - 4 scrolls of teleportation
 i - 3 scrolls of remove curse
 w - a scroll of fear
 B - a scroll of enchant armour
Potions
 g - 2 potions of lignification
 j - 5 potions of curing
 k - a potion of cancellation
 p - a potion of haste
 u - a potion of brilliance
 z - a potion of mutation
Miscellaneous
 E - a lamp of fire
Comestibles
 c - 16 rations


   Skills:
 + Level 14.4(9.8) Fighting
 - Level 13.4(8.9) Axes
 + Level 14.3(9.7) Armour
 * Level 9.7(5.6) Dodging


You had 12 spell levels left.
You didn't know any spells.
Your spell library was empty.

Dungeon Overview and Level Annotations

Branches:
Dungeon (11/15)            Temple (1/1) D:5            Lair (0/6) D:11
    Orc (2/2) D:11            Elf (0/3) Orc:2

Altars:
Ashenzari
Cheibriados
Dithmenos
Elyvilon
Fedhas
Gozag
Hepliaklqana
Kikubaaqudgha
Makhleb
Nemelex Xobeh
Okawaru
Qazlal
Ru
Sif Muna
Trog
Uskayaw
Vehumet
Wu Jian
Xom
Yredelemnul
Zin
The Shining One
Beogh

Shops:
D:7 *   D:8 :   D:9 [=   D:11 [

Portals:
Trove: D:10 (give 18 potions of curing)


Innate Abilities, Weirdness & Mutations

You reflexively headbutt those who attack you in melee.
You have a pair of horns on your head.
You have sharp toenails.
You are dopey. (Int -2)
You are robust. (+10% HP)
You occasionally shout uncontrollably at your foes.


Message History

You hit the hellwing but do no damage. The hellwing closely misses you.
The hellwing barely misses you.
The hellwing hits you but does no damage. x2
You slash the orc warlord! Your kick misses the orc warlord.
Your headbutt misses the orc warlord.
The orc warlord is lightly wounded.
You hit the orc sorcerer but do no damage.
You barely miss the hellwing.
The orc warlord hits you but does no damage.
The hellwing hits you but does no damage. x2
The orc warlord hits you with a +0 long sword.
* * * LOW HITPOINT WARNING * * *
A red film seems to cover your vision as you go berserk!
You feel yourself moving faster!
You feel mighty!
You are feeling very hungry.
The hellwing misses you.
The hellwing hits you but does no damage.
The orc sorcerer casts a spell at you. The bolt of negative energy hits you!!
You feel drained.
You die...

##........## #>....
###..........####.##.
##..............######
##................# ##
##................#####<
##.........##.......#.##.
#......>.#.###........[[.
#......oo### #........##.
#......o@# ##.........##
#^......4####..........#
#..........#.........###
###..#............#...#
##.#...........#...##
###..........#....#
#...............##
##.........#..###
###........###


You could see an orc warlord, a hellwing, an orc sorcerer and an orc warrior.

Vanquished Creatures
  Donald (Orc:2)
  A minotaur (Gauntlet)
  A vault guard (D:10)
  7 two-headed ogres
  An ogre mage (Orc:1)
  An orc high priest (Orc:1)
  A sixfirhy (Gauntlet)
  2 orc knights (Orc:1)
  An orc sorcerer (Orc:1)
  2 cyclopes (D:11)
  An elephant (D:11)
  A gargoyle (D:11)
  2 minotaur zombies (Gauntlet)
  An efreet (Gauntlet)
  6 trolls
  A queen bee (Gauntlet)
  Prince Ribbit (D:8)
  2 dream sheep (D:8)
  3 hippogriffs
  A vampire (D:11)
  10 yaks
  A steam dragon (D:9)
  A hungry ghost (D:9)
  A fire elemental (Gauntlet)
  Grum (D:11)
  An acid dragon (D:11)
  3 hell hounds (Gauntlet)
  8 wargs
  A water moccasin (D:9)
  3 ice beasts
  17 orc warriors
  3 sky beasts
  A phantom (D:9)
  A black bear (D:9)
  2 necrophages
  11 ogres
  6 centaurs
  4 wolves (D:11)
  3 crocodiles
  4 big kobolds
  5 bullfrogs
  A wyvern skeleton (D:7)
  3 scorpions
  19 killer bees
  10 wights
  10 howler monkeys
  A crimson imp (D:11)
  5 hounds
  15 orc priests
  17 orc wizards
  A centaur skeleton (D:9)
  3 iguanas
  9 worker ants
  A hound skeleton (D:7)
  A worker ant zombie (D:8)
  A howler monkey skeleton (D:6)
  7 adders
  3 shadow imps
  4 ufetubi (Gauntlet)
  5 oozes
  An adder zombie (D:6)
  An adder skeleton (D:4)
  2 worms
  A dart slug (D:2)
  4 leopard geckos
  82 orcs
  9 giant cockroaches
  4 goblins
  6 hobgoblins
  5 jackals
  4 quokkas
  3 ball pythons
  4 bats
  6 frilled lizards (D:1)
  A jackal skeleton (D:6)
  9 kobolds
  2 quokka skeletons (D:6)
  16 rats
400 creatures vanquished.

Vanquished Creatures (collateral kills)
  A hydra (D:8)
  A big kobold (D:8)
2 creatures vanquished.

Vanquished Creatures (others)
  2 orcs
  3 plants (D:11)
5 creatures vanquished.

Grand Total: 407 creatures vanquished

Notes
Turn   | Place    | Note
-------+----------+-------------------------------------------
     0 | D:1      | LordEnrai the Minotaur Berserker began the quest for the
                  | Orb.
     0 | D:1      | Reached XP level 1. HP: 19/19 MP: 0/0
   278 | D:1      | Reached XP level 2. HP: 27/27 MP: 1/1
   728 | D:1      | Reached XP level 3. HP: 32/33 MP: 2/2
  1259 | D:2      | Reached ** piety under Trog
  1635 | D:2      | Reached skill level 5 in Axes
  1635 | D:2      | Reached XP level 4. HP: 24/40 MP: 3/3
  1907 | D:2      | Found an opulent altar of Gozag.
  1908 | D:2      | Found a glowing silver altar of Zin.
  2173 | D:2      | Found a sacrificial altar of Ru.
  2401 | D:3      | Found a deep blue altar of Sif Muna.
  2963 | D:3      | Reached XP level 5. HP: 26/47 MP: 4/4
  3176 | D:4      | Got an encrusted chain mail
  3177 | D:4      | Identified the +6 chain mail of the Invisible Hand {rPois
                  | Str+3} (You found it on level 4 of the Dungeon)
  3295 | D:4      | Noticed an ogre
  3311 | D:4      | Killed an ogre
  3311 | D:4      | Reached XP level 6. HP: 55/55 MP: 5/5
  3412 | D:4      | Found a radiant altar of Vehumet.
  3531 | D:4      | Reached skill level 5 in Fighting
  3604 | D:4      | Reached *** piety under Trog
  4104 | D:5      | Entered Level 5 of the Dungeon
  4187 | D:5      | Gained mutation: You are dopey. (Int -2) [potion of
                  | mutation]
  4187 | D:5      | Gained mutation: You are robust. (+10% HP) [potion of
                  | mutation]
  4187 | D:5      | Gained mutation: You occasionally shout uncontrollably at
                  | your foes. [potion of mutation]
  4187 | D:5      | Gained mutation: You have sharp toenails. [potion of
                  | mutation]
  4201 | D:5      | Reached XP level 7. HP: 58/67 MP: 6/6
  4478 | D:5      | Found a staircase to the Ecumenical Temple.
  4505 | D:5      | Identified a scroll of acquirement
  4524 | Temple   | Entered the Ecumenical Temple
  4742 | D:5      | Found a bloodstained altar of Trog.
  4742 | D:5      | Found a stormy altar of Qazlal.
  4742 | D:5      | Found a white marble altar of Elyvilon.
  4742 | D:5      | Found a sparkling altar of Nemelex Xobeh.
  4742 | D:5      | Found an ornate altar of the Wu Jian Council.
  4742 | D:5      | Found a snail-covered altar of Cheibriados.
  4743 | D:5      | Found an iron altar of Okawaru.
  4745 | D:5      | Reached XP level 8. HP: 73/77 MP: 7/7
  4814 | D:5      | Reached skill level 5 in Armour
  5235 | D:6      | Noticed a hippogriff
  5242 | D:6      | Killed a hippogriff
  5242 | D:6      | Reached skill level 10 in Axes
  5301 | D:6      | Reached **** piety under Trog
  5425 | D:6      | Found a basalt altar of Yredelemnul.
  5430 | D:6      | Reached XP level 9. HP: 77/86 MP: 8/8
  6037 | D:7      | Found Gede's General Store.
  6045 | D:7      | Bought a potion of heal wounds for 75 gold pieces
  6572 | D:8      | Reached ***** piety under Trog
  6702 | D:8      | Found Wicuyqex's Book Shoppe.
  6962 | D:8      | Reached XP level 10. HP: 91/99 MP: 9/9
  7503 | D:8      | Noticed a three-headed hydra
  7529 | D:8      | Killed a four-headed hydra
  7529 | D:8      | Reached skill level 5 in Dodging
  7668 | D:8      | Noticed Prince Ribbit
  7670 | D:8      | Killed Prince Ribbit
  8211 | D:9      | Found a blossoming altar of Fedhas.
  8212 | D:9      | Noticed a two-headed ogre
  8225 | D:9      | Killed a two-headed ogre
  8225 | D:9      | Reached skill level 10 in Fighting
  8225 | D:9      | Reached skill level 10 in Armour
  8379 | D:9      | Found a snail-covered altar of Cheibriados.
  8379 | D:9      | Found Cheibriados's Comfort Zone.
  8550 | D:9      | Found Sogenoti's Jewellery Boutique.
  8581 | D:9      | Reached XP level 11. HP: 108/108 MP: 10/10
  9026 | D:10     | Entered Level 10 of the Dungeon
  9159 | D:10     | Noticed a vault guard
  9167 | D:10     | Killed a vault guard
  9172 | D:10     | Found a portal to a secret trove of treasure.
  9523 | D:10     | Received a gift from Trog
  9828 | D:11     | Found Exadeub's Armour Shoppe.
  9839 | D:11     | Found a staircase to the Orcish Mines.
 10025 | D:11     | Found a gate leading to a gauntlet.
 10029 | Gauntlet | Entered a Gauntlet
 10029 | Gauntlet | Found a transporter.
 10038 | Gauntlet | Found a transporter.
 10053 | Gauntlet | Found a transporter.
 10058 | Gauntlet | Found a transporter.
 10072 | Gauntlet | Noticed a green death
 10073 | Gauntlet | Found a transporter.
 10089 | Gauntlet | Noticed a purple ugly thing
 10091 | Gauntlet | Noticed a red ugly thing
 10091 | Gauntlet | Noticed a great orb of eyes
 10092 | Gauntlet | Found a transporter.
 10108 | Gauntlet | Noticed a death yak
 10109 | Gauntlet | Noticed a death yak
 10109 | Gauntlet | Noticed a death yak
 10110 | Gauntlet | Noticed a death yak
 10111 | Gauntlet | Noticed a death yak
 10112 | Gauntlet | Found a transporter.
 10112 | Gauntlet | Noticed a necromancer
 10113 | Gauntlet | Noticed a death yak
 10124 | Gauntlet | Found a transporter.
 10124 | Gauntlet | Noticed a fire crab
 10130 | Gauntlet | Found a transporter.
 10132 | Gauntlet | Found a transporter.
 10152 | Gauntlet | Found a transporter.
 10164 | Gauntlet | Found a transporter.
 10173 | Gauntlet | Found a transporter.
 10173 | Gauntlet | Found a transporter.
 10216 | Gauntlet | Found a transporter.
 10249 | Gauntlet | Noticed a sixfirhy
 10249 | Gauntlet | Found a transporter.
 10256 | Gauntlet | Killed a sixfirhy
 10260 | Gauntlet | Found a transporter.
 10323 | Gauntlet | Found a transporter.
 10528 | Gauntlet | Identified the Papyrus of Lucky Clay
 10670 | Gauntlet | Identified the +10 spear "Durhuem" {freeze, rPois Dex+3}
 10670 | Gauntlet | Identified the ring "Upsa" {rC+ MP+9 Dex+2}
 10670 | Gauntlet | Noticed a minotaur
 10680 | Gauntlet | Killed a minotaur
 10991 | Gauntlet | Got a spiked leather armour
 10994 | Gauntlet | Identified the cursed +1 leather armour of the Wumpus
                  | {*Slow rF+ rCorr Dex+3} (You found it in a Gauntlet)
 11133 | D:11     | Reached XP level 12. HP: 120/123 MP: 3/11
 11191 | D:11     | Received a gift from Trog
 11192 | D:11     | Reached ****** piety under Trog
 11222 | D:11     | Found a staircase to the Lair.
 11419 | D:11     | Noticed Grum
 11431 | D:11     | Killed Grum
 11937 | Orc:1    | Entered Level 1 of the Orcish Mines
 11952 | Orc:1    | Noticed a two-headed ogre
 11955 | Orc:1    | Noticed an ogre mage
 11960 | Orc:1    | Noticed a two-headed ogre
 11960 | Orc:1    | Noticed a two-headed ogre
 11962 | Orc:1    | Noticed a two-headed ogre
 11963 | Orc:1    | Killed a two-headed ogre
 11965 | Orc:1    | Noticed a two-headed ogre
 11966 | Orc:1    | Noticed a two-headed ogre
 11969 | Orc:1    | Killed a two-headed ogre
 11970 | Orc:1    | Killed an ogre mage
 11973 | Orc:1    | Killed a two-headed ogre
 11974 | Orc:1    | Killed a two-headed ogre
 11976 | Orc:1    | Killed a two-headed ogre
 11979 | Orc:1    | Killed a two-headed ogre
 11981 | Orc:1    | Noticed an orc high priest
 11994 | Orc:1    | Killed an orc high priest
 12399 | Orc:1    | Received a gift from Trog
 12713 | Orc:2    | Entered Level 2 of the Orcish Mines
 12713 | Orc:2    | Found a roughly hewn altar of Beogh.
 12742 | Orc:2    | Noticed Donald
 12764 | Orc:2    | Killed Donald
 12764 | Orc:2    | Reached XP level 13. HP: 43/137 MP: 4/12
 13241 | Orc:2    | Found a staircase to the Elven Halls.
 13252 | Orc:2    | Noticed an orc warlord
 13266 | Orc:2    | Paralysed by an orc sorcerer for 6 turns
 13291 | Orc:1    | Killed from afar by an orc sorcerer

Levels and vault maps discovered:
D:1:      dpeg_arrival_radiant, layout_basic, nrook_loot_triangle
D:2:      layout_basic, grunt_temple_overflow_gold_and_silver,
          nicolae_ru_the_path_less_chosen
D:3:      layout_basic, lemuel_doored_altar
D:4:      layout_gridville, vehumet_crystals, first_ration, minmay_checkerbox
D:5:      layout_gridville, grunt_temple_overflow_open,
          minmay_temple_entry_steel_oval
D:6:      layout_cave_pools, basic_altar
D:7:      layout_loops_ring, serial_shops, shop
D:8:      layout_layer_cave, serial_shops, shop, hangedman_ranch
          [blue_anna_fruit_fields], chequers_serial_rivers_micro_c,
          uniq_prince_ribbit1
D:9:      layout_basic, old_standard_altar, serial_shops, kennysheep_mini_moat,
          minmay_shop_chei, minmay_misc_feat_iff, minmay_quadrilaterals
D:10:     layout_irregular_city, enter_trove_5, nicolae_dithmenos_the_darkroom
D:11:     layout_loops_ring, david_lair_generic, orc_david_3,
          gauntlet_entry_generic, uniq_grum
Temple:   dpeg_three_leaves_temple
Orc:1:    layout_diamond_mine
Orc:2:    grunt_orc_community_town_hall, layout_diamond_mine,
          grunt_orc_community_big_house_1, grunt_orc_community_big_house_1,
          grunt_orc_community_house_3, grunt_orc_community_house_1,
          grunt_orc_community_house_3, grunt_orc_community_house_1, basic_altar,
          mines1_david, uniq_donald
Gauntlet: gammafunk_gauntlet_one_two_three [gammafunk_gauntlet_arena_chambers,
          gammafunk_gauntlet_arena_corners, nicolae_gauntlet_arena_flowing_pool,
          nicolae_gauntlet_arena_t_cross, nicolae_gauntlet_arena_x,
          nicolae_gauntlet_arena_grate_2, gammafunk_gauntlet_arena_split_x,
          gammafunk_gauntlet_arena_split_diamond,
          gammafunk_gauntlet_arena_crates, gauntlet_exit_hidden_loot]

Skill      XL: |  1  2  3  4  5  6  7  8  9 10 11 12 |
---------------+-------------------------------------+-----
Axes           | 4 5 6 7 9 11 12 13 | 13.4
Fighting       | 4 5 6 7 8 10 12 14 | 14.4
Armour         | 3 4 6 7 10 12 14 | 14.3
Dodging        | 3 4 6 8 9 |  9.7

Action                   |  1- 3 |  4- 6 |  7- 9 | 10-12 | 13-15 || total
-------------------------+-------+-------+-------+-------+-------++-------
Melee: Hand axe          |    99 |   103 |   269 |       |       ||   471
       Headbutt          |     9 |    17 |    63 |    81 |     2 ||   172
       Kick              |       |     2 |   111 |   111 |     1 ||   225
       Battleaxe         |       |       |    14 |   173 |       ||   187
       Executioner's axe |       |       |       |   240 |     9 ||   249
Invok: Trog's Hand       |       |     1 |     2 |     2 |     1 ||     6
       Berserk           |       |     2 |     1 |     4 |     1 ||     8
       Brothers in Arms  |       |       |       |     1 |       ||     1
  Use: Potion            |     3 |     4 |     2 |     4 |     1 ||    14
       Scroll            |     5 |     4 |     5 |     8 |       ||    22
  Eat: Chunk             |     2 |     9 |     8 |     7 |       ||    26
       Ration            |       |       |     1 |     6 |     1 ||     8
Armor: Leather armour    |    18 |     9 |       |       |       ||    27
       Chain mail        |       |    26 |   131 |   320 |    27 ||   504
Dodge: Dodged            |    66 |    50 |   108 |   324 |    27 ||   575

Table legend:
 A = Non-vault XP
 B = Vault XP
 C = Vault XP percentage of total XP
 D = Non-vault monster count
 E = Vault monster count
 F = Vault count percentage of total count
                 A         B        C        D         E       F
            +---------+---------+-------+---------+---------+-------
      Total |   27717 |   11829 |  29.9 |     353 |      49 |  12.2
            +---------+---------+-------+---------+---------+-------
        D:1 |      46 |       0 |   0.0 |      30 |       0 |   0.0
        D:2 |      57 |       0 |   0.0 |      16 |       0 |   0.0
        D:3 |     191 |       0 |   0.0 |      21 |       0 |   0.0
        D:4 |     176 |     158 |  47.3 |       9 |       2 |  18.2
        D:5 |     886 |       0 |   0.0 |      24 |       0 |   0.0
        D:6 |    1524 |       0 |   0.0 |      42 |       0 |   0.0
        D:7 |    1273 |       0 |   0.0 |      32 |       0 |   0.0
        D:8 |    2424 |    2150 |  47.0 |      37 |       9 |  19.6
        D:9 |    2991 |     192 |   6.0 |      34 |       4 |  10.5
       D:10 |    1397 |     991 |  41.5 |      14 |       1 |   6.7
       D:11 |    3245 |    2054 |  38.8 |      39 |      15 |  27.8
      Orc:1 |   12163 |       0 |   0.0 |      41 |       0 |   0.0
      Orc:2 |    1344 |    2036 |  60.2 |      14 |       1 |   6.7
   Gauntlet |       0 |    4248 | 100.0 |       0 |      17 | 100.0
            +---------+---------+-------+---------+---------+-------
